 Dungeon Crawl Stone Soup version 0.30-a0-458-g86641cc369 (webtiles) character file.

Game seed: 12214686410843210938

3980 Essalna the Zephyrmancer (level 10, -2/64 HPs)
             Began as a Tengu Air Elementalist on Dec 14, 2022.
             Was a Follower of Vehumet.
             Slain by a yak (15 damage)
             ... on level 9 of the Dungeon.
             The game lasted 00:14:48 (8344 turns).

Essalna the Zephyrmancer (Tengu Air Elementalist)   Turns: 8344, Time: 00:14:48

Health: -2/64      AC:  4    Str:  9    XL:     10   Next: 22%
Magic:  2/23       EV: 14    Int: 25    God:    Vehumet [*.....]
Gold:   408        SH:  0    Dex: 15    Spells: 10/13 levels left

rFire   . . .      SeeInvis .    s - +1 dagger (venom)
rCold   . . .      Faith    .    (no shield)
rNeg    . . .      Spirit   .    a - +0 robe
rPois   .          Reflect  .    u - +2 hat
rElec   .          Harm     .    (no cloak)
rCorr   .          Rampage  .    (no gloves)
Will    .....                    (boots unavailable)
Stlth   ++........               y - amulet of regeneration
HPRegen 1.10/turn                g - +6 ring of intelligence
MPRegen 0.18/turn                m - ring of magical power

@: flying quickly and evasively, quick
A: beak, talons 3, nimble flight
a: Renounce Religion


You were on level 9 of the Dungeon.
You worshipped Vehumet.
Vehumet was aware of your devotion.
You visited 1 branch of the dungeon, and saw 9 of its levels.

You collected 408 gold pieces.

Inventory:

Hand Weapons
 l - the +3 dagger of Descent {vorpal, Dex+2}
   (You found it on level 8 of the Dungeon)

   It inflicts extra damage upon your enemies.
   Dex:       It affects your dexterity (+2).
 s - a +1 dagger of venom (weapon)
Armour
 a - a +0 robe (worn)
 u - a +2 hat (worn)
Jewellery
 g - a +6 ring of intelligence (left hand)
 m - a ring of magical power (right hand)
 p - a +6 ring of dexterity
 w - a ring of protection from cold
 y - an amulet of regeneration (around neck)
Wands
 A - a wand of paralysis (7)
Scrolls
 c - 5 scrolls of teleportation
 f - 2 scrolls of vulnerability
 i - 2 scrolls of poison
 q - a scroll of enchant weapon
 z - 2 scrolls of identify
 B - a scroll of brand weapon
 C - a scroll of amnesia
Potions
 b - 3 potions of magic
 d - a potion of cancellation
 e - 2 potions of curing
 h - 2 potions of flight {unknown}
 j - a potion of invisibility {unknown}
 k - 2 potions of ambrosia
 n - a potion of lignification
 o - 2 potions of attraction
 r - a potion of resistance {unknown}
 t - a potion of degeneration
 v - a potion of might {unknown}
 x - a potion of haste


   Skills:
 + Level 8.3 Fighting
 - Level 2.1 Dodging
 - Level 2.0 Stealth
 - Level 2.0 Spellcasting
 + Level 10.9 Conjurations
 + Level 11.6 Air Magic


You had 10 spell levels left.
You knew the following spells:

 Your Spells              Type           Power      Damage    Failure   Level
a - Shock                 Conj/Air       100%       1d9       1%          1
b - Static Discharge      Conj/Air       100%       2-7/arc   1%          2

Your spell library contained the following spells:

 Spells                   Type           Power      Damage    Failure   Level
 Foxfire                  Conj/Fire      100%       2x1d9     1%          1
 Swiftness                Air            57%        N/A       1%          3
 Airstrike                Air            28%        2d(5-21)  1%          4
 Apportation              Tloc           4%         N/A       11%         1
 Necrotise                Necr           8%         1d4       11%         1
 Slow                     Hex            8%         N/A       11%         1
 Summon Small Mammal      Summ           8%         N/A       11%         1
 Confusing Touch          Hex            2%         N/A       32%         3
 Vampiric Draining        Necr           2%         2d6       32%         3
 Manifold Assault         Tloc           2%         N/A       73%         4
 Summon Ice Beast         Ice/Summ       2%         N/A       73%         4
 Agony                    Necr           2%         N/A       97%         5
 Summon Mana Viper        Hex/Summ       2%         N/A       97%         5
 Dispersal                Tloc           1%         N/A       100%        6
 Monstrous Menagerie      Summ           1%         N/A       100%        7
 Disjunction              Tloc           1%         N/A       100%        8


Dungeon Overview and Level Annotations

Branches:
Dungeon (9/15)             Temple (0/1) D:7
   Lair: D:8-11         Orc: D:9-12

Altars:
Trog
Uskayaw
Vehumet

Shops:
D:1 ?

Annotations:
D:7 2 transporters, alpinistek's ghost, novice DsFE
D:8 Joseph


Innate Abilities, Weirdness & Mutations

You have a beak for a mouth.
You have claws for feet.
Your magical nature lets you fly swiftly and evasively.


Message History

The yak is struck by an arc of lightning.
The yak is severely wounded.
The lightning grounds out.
The yak gores you!
Casting: Static Discharge (safe; 1% risk of failure)
Confirm with . or Enter, or press ? or * to list all spells.
The yak is struck by an arc of lightning.
The yak is almost dead.
You are struck by an arc of lightning.
The yak is struck by an arc of lightning.
You kill the yak!
Vehumet accepts your kill.
You feel your power returning.
The lightning grounds out.
Casting: Static Discharge (safe; 1% risk of failure)
Confirm with . or Enter, or press ? or * to list all spells.
The yak is struck by an arc of lightning.
The yak is heavily wounded.
You are struck by an arc of lightning.
The yak is struck by an arc of lightning.
The yak is heavily wounded.
You are struck by an arc of lightning.
The lightning grounds out.
The yak barely misses you.
Casting: Static Discharge (safe; 1% risk of failure)
Confirm with . or Enter, or press ? or * to list all spells.
The yak is struck by an arc of lightning.
The yak is severely wounded.
You are struck by an arc of lightning.
The lightning grounds out.
The yak gores you!
* * * LOW HITPOINT WARNING * * *
Casting: Static Discharge (safe; 1% risk of failure)
Confirm with . or Enter, or press ? or * to list all spells.
The yak is struck by an arc of lightning!
The yak is almost dead.
You are struck by an arc of lightning.
* * * LOW HITPOINT WARNING * * *
The yak is struck by an arc of lightning.
The yak is almost dead.
You are struck by an arc of lightning.
* * * LOW HITPOINT WARNING * * *
The lightning grounds out.
The yak gores you!
You die...

.. ..##.>..............
............#......... .
.............#........
...............##.....##
...............#########
......######...#
......#≈≈~≈#...#
......#≈~≈~#...#
♣...Y@≈~≈'(.##
♣...#≈~≈~#.## ....#
#≈≈~≈### ### ######


You could see a yak.

Vanquished Creatures
  Psyche (D:8)
  A steam dragon (D:9)
  2 yaks (D:9)
  Menkaure (D:5)
  3 orc warriors
  2 sky beasts
  An ogre (D:6)
  An ice beast (D:8)
  4 centaurs
  A kobold brigand (D:8)
  3 bullfrogs
  7 scorpions
  11 wights
  3 killer bees (D:7)
  5 howler monkeys
  3 hounds
  4 orc priests
  4 iguanas
  5 orc wizards
  4 gnolls (D:5)
  6 adders
  2 shadow imps
  2 white imps
  4 worms
  A dart slug (D:1)
  11 orcs
  5 endoplasms
  3 giant cockroaches
  3 goblins
  8 hobgoblins
  5 jackals
  14 kobolds
  A quokka (D:2)
  9 ball pythons
  3 bats
  4 frilled lizards
  5 rats
152 creatures vanquished.

Notes
Turn   | Place    | Note
-------+----------+-------------------------------------------
     0 | D:1      | Essalna the Tengu Air Elementalist began the quest for the
                  | Orb.
     0 | D:1      | Reached XP level 1. HP: 10/10 MP: 4/4
   173 | D:1      | Reached XP level 2. HP: 16/16 MP: 3/6
   417 | D:1      | Reached skill level 1 in Fighting
   611 | D:1      | Found Jics's Magic Scroll Boutique.
   875 | D:2      | Reached XP level 3. HP: 20/20 MP: 0/7
  1689 | D:2      | Reached skill level 5 in Air Magic
  1689 | D:2      | Reached XP level 4. HP: 26/26 MP: 8/8
  2398 | D:3      | Learned a level 2 spell: Static Discharge
  2528 | D:3      | Noticed a scorpion
  2531 | D:3      | Killed a scorpion
  2532 | D:3      | Gained mutation: Your magical nature lets you fly swiftly
                  | and evasively. [Tengu growth]
  2532 | D:3      | Reached XP level 5. HP: 29/31 MP: 9/9
  3173 | D:4      | Reached skill level 6 in Air Magic
  3173 | D:4      | Reached XP level 6. HP: 31/37 MP: 10/10
  3175 | D:5      | Entered Level 5 of the Dungeon
  3474 | D:4      | Reached skill level 5 in Conjurations
  3577 | D:4      | Reached XP level 7. HP: 42/42 MP: 11/11
  3759 | D:4      | Reached skill level 7 in Air Magic
  3805 | D:4      | Found a hide-covered altar of Uskayaw.
  4992 | D:5      | Noticed Menkaure
  5007 | D:5      | Killed Menkaure
  5007 | D:5      | HP: 2/44 [/static electricity (1)]
  5266 | D:5      | Reached XP level 8. HP: 48/48 MP: 12/12
  5633 | D:6      | Reached skill level 5 in Fighting
  5633 | D:6      | Reached skill level 8 in Air Magic
  6029 | D:6      | Reached skill level 9 in Air Magic
  6562 | D:7      | Reached XP level 9. HP: 55/55 MP: 13/13
  6670 | D:7      | Found a radiant altar of Vehumet.
  6692 | D:7      | Became a worshipper of Vehumet
  6989 | D:7      | Found a transporter.
  6994 | D:7      | Found a bloodstained altar of Trog.
  7007 | D:7      | Noticed alpinistek's ghost (novice DsFE)
  7011 | D:7      | Reached skill level 10 in Air Magic
  7071 | D:7      | Noticed a moth of wrath
  7072 | D:7      | Found a transporter.
  7072 | D:7      | Noticed a two-headed ogre
  7341 | D:7      | Found a staircase to the Ecumenical Temple.
  7524 | D:8      | Identified the +3 dagger of Descent {vorpal, Dex+2}
  7679 | D:8      | Reached * piety under Vehumet
  7679 | D:8      | Offered knowledge of Foxfire by Vehumet.
  7804 | D:8      | Noticed Psyche
  7810 | D:8      | Killed Psyche
  7811 | D:8      | Reached skill level 10 in Conjurations
  7875 | D:8      | Reached skill level 11 in Air Magic
  7925 | D:8      | Noticed Joseph
  7943 | D:9      | HP: 2/55 [/static electricity (4)]
  7944 | D:9      | Reached XP level 10. HP: 3/63 MP: 14/14
  8344 | D:9      | Slain by a yak

Illustrated notes

Levels and vault maps discovered:
D:1:      dpeg_arrival_arbitrary_c, layout_rooms, serial_shops,
          nicolae_shop_temple_entry_statues_fountains, minmay_misc_feat_room,
          minmay_vboxes
D:2:      layout_basic
D:3:      layout_basic
D:4:      layout_gridville, old_standard_altar,
          eino_small_chamber_without_monster
D:5:      cheibrodos_quashed, layout_layer_cave, uniq_menkaure
D:6:      layout_basic, minivault_22
D:7:      layout_loops_ring, mainiacjoe_overflow_concentric_impassable,
          lemuel_temple_firewalk_b, gammafunk_ghost_wrathful_warriors
D:8:      layout_basic, uniq_joseph, uniq_psyche
D:9:      layout_rooms, old_standard_altar, tgw_sif,
          chequers_serial_rivers_room_b, chequers_mini_garden

Skill      XL: |  1  2  3  4  5  6  7  8  9 10 |
---------------+-------------------------------+-----
Conjurations   | 2 3 4 5 6 8 10 | 10.9
Fighting       | 1 2 3 4 6 7 8 |  8.3
Air Magic      | 5 6 7 9 11 | 11.6
Dodging        | |  2.1
Stealth        | |  2.0
Spellcasting   | |  2.0

Action                   |  1- 3 |  4- 6 |  7- 9 | 10-12 || total
-------------------------+-------+-------+-------+-------++-------
Melee: Unarmed           |    14 |       |       |       ||    14
       Peck              |     3 |       |     5 |       ||     8
       Kick              |     1 |       |     6 |       ||     7
       Dagger            |       |       |    24 |       ||    24
 Cast: Shock             |    86 |    73 |   197 |    33 ||   389
       Static Discharge  |       |    10 |    31 |    12 ||    53
  Use: Potion            |       |       |     2 |       ||     2
       Scroll            |       |       |    15 |       ||    15
Armor: Robe              |     2 |     1 |     9 |     1 ||    13
Dodge: Dodged            |    19 |     5 |    57 |     8 ||    89

Table legend: (Time is in decaauts)
 A = Elapsed time spent in this place.
 B = Non-inter-level travel time spent in this place.
 C = Inter-level travel time spent in this place.
 D = Time resting spent in this place.
 E = Time spent auto-exploring this place.
 F = Levels seen in this place.
 G = Mean time per level.
                   A        B        C        D        E       F      G
               +--------+--------+--------+--------+--------+-----+--------+
         Total |   8002 |   7791 |    211 |    167 |   6718 |   9 |  889.1 |
       Dungeon |   8002 |   7791 |    211 |    167 |   6718 |   9 |  889.1 |
               +--------+--------+--------+--------+--------+-----+--------+

Top non-repeatable levels by time:
     D:5: 1638 daAuts
     D:2: 1205 daAuts
     D:4: 981 daAuts
     D:1: 888 daAuts
     D:7: 878 daAuts
     D:3: 787 daAuts
     D:6: 779 daAuts
     D:8: 452 daAuts
     D:9: 391 daAuts
